AoeStats
← nathano1927

Four Lakes

507157441Analyzed
1v1 RM · 15d ago on Sep 16, 2026· 24m 57s· 2 players
Game mode
Random Map
Map size
Tiny (2 player)
Population
200
Speed
Normal
Resources
Standard
Victory
Conquest
Starting age
Dark Age
Ending age
Imperial Age
RankedLock teamsTeams togetherTeam positionsShared explorationLock speedFull tech treeHidden civsTurbo modeCheats
Victory
Defeat
🇺🇸 Celts · United States
853
+16
🇦🇺 Goths · Australia
858
-16
nathano1927
12:09 Feudal Age
12:35 Double-Bit Axe
12:33 Fishing Lines
16:14 Horse Collar
21:26 Castle Age
21:04 Scale Mail Armor
21:14 Forging
21:40 Arson
21:39 Man-at-Arms
chtken11
Connection lost

Rejoining the realm…

Still unreachable

The connection could not be restored.

Session expired

The server has moved on; the page needs a fresh start.